 Seeded DCSS version 0.28-a0-1412-gf95308ed99 (webtiles) character file.

Game seed: 13450045712873988122 (custom seed)

469 oldmanjim the Shield-Bearer (level 6, -3/52 HPs)
             Began as a Minotaur Fighter on Jan 6, 2022.
             Was a Follower of Okawaru.
             Slain by a yak (13 damage)
             ... on level 4 of the Dungeon on Jan 7, 2022.
             The game lasted 00:20:31 (3705 turns).

oldmanjim the Shield-Bearer (Minotaur Fighter)      Turns: 3705, Time: 00:20:33

Health: -3/52      AC:  5    Str: 22    XL:     6   Next: 82%
Magic:  5/5        EV:  7    Int:  5    God:    Okawaru [*.....]
Gold:   95         SH: 13    Dex: 10    Spells: 5/5 levels left

rFire   + . .      SeeInvis .   a - +4 flail
rCold   . . .      Faith    .   p - +0 tower shield
rNeg    . . .      Spirit   .   u - +0 ring mail {rF+}
rPois   .          Reflect  .   (helmet restricted)
rElec   .          Harm     .   (no cloak)
rCorr   .          Rampage  .   (no gloves)
Will    .....                   (no boots)
Stlth   ..........              (no amulet)
HPRegen 0.17/turn               o - ring of flight
MPRegen 0.09/turn               (no ring)

@: flying
A: horns 2, retaliatory headbutt
a: Renounce Religion, Heroism


You were on level 4 of the Dungeon.
You worshipped Okawaru.
Okawaru was aware of your devotion.
You visited 1 branch of the dungeon, and saw 5 of its levels.

You collected 95 gold pieces.

Inventory:

Hand Weapons
 a - a +4 flail (weapon)
 b - a +0 hunting sling
 x - a +0 war axe
Missiles
 f - 142 stones (quivered)
 h - a throwing net
 l - 52 arrows
 n - 38 poisoned darts
 v - 10 sling bullets
Armour
 c - a +0 buckler
 j - a +0 scale mail
 p - a +0 tower shield (worn)
 u - a +0 ring mail of fire resistance (worn)
Jewellery
 o - a ring of flight (left hand)
Wands
 i - a wand of polymorph (3)
Scrolls
 g - 4 scrolls of teleportation {unknown}
 m - 2 scrolls of fear {unknown}
 q - 2 scrolls of silence {unknown}
 r - 2 scrolls of noise {unknown}
 y - a scroll of magic mapping {unknown}
Potions
 d - a potion of might
 e - 2 potions of attraction
 k - 3 potions of curing
 t - 3 potions of mutation
 w - a potion of resistance


   Skills:
 - Level 4.0 Fighting
 + Level 6.3 Axes
 - Level 4.0 Armour
 - Level 0.5 Dodging
 + Level 6.7 Shields


You had 5 spell levels left.
You didn't know any spells.
Your spell library contained the following spells:

 Spells                   Type           Power      Damage    Failure   Level
 Summon Small Mammal      Summ           Unusable   N/A       N/A         1
 Call Canine Familiar     Summ           Unusable   N/A       N/A         3
 Summon Guardian Golem    Hex/Summ       Unusable   N/A       N/A         3

Dungeon Overview and Level Annotations

Branches:
Dungeon (5/15)             Temple (0/1) D:4

Altars:
Okawaru
Vehumet
Xom


Innate Abilities, Weirdness & Mutations

You have a pair of horns on your head.
You reflexively headbutt those who attack you in melee.


Message History

You hear the brisk hiss of an avalanche of sand nearby.
The yak bellows! x2
You block the yak's attack. The yak closely misses you.
You furiously retaliate!
You headbutt the yak. You block the yak's attack.
There is a stone staircase leading up here.
You block the yak's attack. The yak gores you!
You fly upwards.
There is a stone staircase leading down here.
You thump the yak!
The yak is moderately wounded.
The yak gores you. The yak barely misses you. You block the yak's attack.
You hit the yak. You headbutt the yak, but do no damage.
The yak is heavily wounded.
The yak gores you but does no damage. You block the yak's attack.
The yak gores you but does no damage.
You hit the yak but do no damage. You headbutt the yak!
The yak is severely wounded.
The yak gores you. The yak gores you! The yak gores you.
You are too injured to fight recklessly!
You are too injured to fight recklessly!
You hit the yak. Your headbutt misses the yak.
The yak is almost dead.
The yak gores you!
* * * LOW HITPOINT WARNING * * *
The yak gores you!
* * * LOW HITPOINT WARNING * * *
The yak barely misses you.
You feel much better. You block the yak's attack. x2
You hit the yak.
The yak is almost dead.
The yak gores you! You block the yak's attack.
The yak gores you but does no damage.
You barely miss the yak.
The yak is almost dead.
The yak gores you!
* * * LOW HITPOINT WARNING * * *
The yak gores you.
* * * LOW HITPOINT WARNING * * *
The yak gores you but does no damage. The yak gores you!
You die...

###########.#.#
#.# #........
..........#
#........
..........#
#........
..........#
#........
..........#
#........
........).#
#........
....).....#
#........
.........Y#
#........
.........@#
#........
#########Y#
#........ #.#
######## #.#
#.# #.# #.# #.#
#..


You could see 2 yaks.

Vanquished Creatures
  3 scorpions
  A water moccasin skeleton (D:4)
  A jelly (D:5)
  Jessica (D:2)
  An iguana (D:4)
  A hound skeleton (D:4)
  A gnoll (D:4)
  6 adders
  A worm (D:4)
  A dart slug (D:1)
  3 orcs (D:4)
  9 ball pythons
  7 endoplasms
  3 giant cockroaches
  9 goblins
  5 hobgoblins
  12 jackals
  A quokka (D:1)
  7 bats
  2 frilled lizards (D:1)
  7 kobolds
  7 rats
89 creatures vanquished.

Notes
Turn   | Place    | Note
-------+----------+-------------------------------------------
     0 | D:1      | oldmanjim the Minotaur Fighter began the quest for the Orb.
     0 | D:1      | Reached XP level 1. HP: 19/19 MP: 0/0
    44 | D:1      | Reached XP level 2. HP: 24/27 MP: 1/1
   293 | D:1      | Found a faded altar of an unknown god.
   534 | D:3      | Reached XP level 3. HP: 33/33 MP: 2/2
  1057 | D:3      | Found an iron altar of Okawaru.
  1057 | D:3      | Found a radiant altar of Vehumet.
  1062 | D:3      | Became a worshipper of Warmaster Okawaru
  1545 | D:2      | Found a shimmering altar of Xom.
  1733 | D:2      | Reached XP level 4. HP: 39/40 MP: 3/3
  1859 | D:2      | Noticed Jessica
  1866 | D:2      | Killed Jessica
  2603 | D:4      | Reached skill level 5 in Shields
  2603 | D:4      | Reached XP level 5. HP: 27/46 MP: 4/4
  2794 | D:4      | Reached skill level 5 in Axes
  3041 | D:4      | Found a staircase to the Ecumenical Temple.
  3097 | D:4      | Reached XP level 6. HP: 42/52 MP: 5/5
  3264 | D:4      | Reached * piety under Okawaru
  3423 | D:5      | Entered Level 5 of the Dungeon
  3485 | D:5      | Noticed a yak
  3485 | D:5      | Noticed a yak
  3485 | D:5      | Noticed a yak
  3696 | D:5      | Noticed a yak
  3702 | D:4      | HP: 2/52 [yak (13)]
  3705 | D:4      | Slain by a yak

Illustrated notes

Levels and vault maps discovered:
D:1:      lightli_arrival_boilingwater, layout_rooms,
          ebering_ecumenical_altar_mist, st_stairs_10
D:2:      layout_basic, basic_altar, hangedman_decor_points, minmay_liquid_box,
          uniq_jessica
D:3:      layout_basic, gammafunk_temple_overflow_statue
D:4:      layout_basic, minmay_temple_entry_stoned_glass,
          gammafunk_ghost_nasty_kobolds, grunt_ministairs_8
D:5:      layout_loops_ring, nicolae_ossuary_entry_monument,
          minmay_misc_feat_plants, eino_tiny_chamber, lightli_minifort,
          uniq_eustachio, uniq_grinder

Skill      XL: |  1  2  3  4  5  6 |
---------------+-------------------+-----
Shields        | 4 5 6 |  6.7
Axes           | 3 4 5 6 |  6.3
Fighting       | 4 |  4.0
Armour         | 4 |  4.0
Dodging        | |  0.5

Action                   |  1- 3 |  4- 6 || total
-------------------------+-------+-------++-------
Melee: War axe           |    89 |    55 ||   144
       Headbutt          |     7 |    14 ||    21
       Flail             |       |    42 ||    42
 Fire: Hunting sling     |    16 |    42 ||    58
  Use: Scroll            |       |     5 ||     5
       Potion            |       |     1 ||     1
Armor: Scale mail        |    50 |     1 ||    51
       Ring mail         |       |    41 ||    41
Dodge: Dodged            |    38 |    14 ||    52
Block: Buckler           |    13 |       ||    13
       Tower shield      |    26 |    84 ||   110

Table legend: (Time is in decaauts)
 A = Elapsed time spent in this place.
 B = Non-inter-level travel time spent in this place.
 C = Inter-level travel time spent in this place.
 D = Time resting spent in this place.
 E = Time spent auto-exploring this place.
 F = Levels seen in this place.
 G = Mean time per level.
                   A        B        C        D        E       F      G
               +--------+--------+--------+--------+--------+-----+--------+
         Total |   3831 |   3635 |    196 |    465 |   2332 |   5 |  766.2 |
       Dungeon |   3831 |   3635 |    196 |    465 |   2332 |   5 |  766.2 |
               +--------+--------+--------+--------+--------+-----+--------+

Top non-repeatable levels by time:
     D:4: 1093 daAuts
     D:2: 1012 daAuts
     D:3: 864 daAuts
     D:1: 810 daAuts
     D:5: 51 daAuts
